 Dungeon Crawl Stone Soup version 0.25-a0-294-gea9b1ad378 (webtiles) character file.

Game seed: 12411597447372820811, levelgen mode: deterministic

394 Faustar the Spear-Bearer (level 6, -4/48 HPs)
             Began as a Merfolk Gladiator on Dec 19, 2019.
             Killed from afar by an orc wizard (7 damage)
             ... with a puff of frost
             ... on level 3 of the Dungeon.
             The game lasted 00:05:25 (3630 turns).

Faustar the Spear-Bearer (Merfolk Gladiator)        Turns: 3630, Time: 00:05:26

Health: -4/48      AC:  4    Str: 21    XL:     6   Next: 82%
Magic:  6/6        EV: 14    Int:  7    God:
Gold:   114        SH:  0    Dex: 16    Spells: 5/5 levels left

rFire    . . .     SeeInvis .   a - +0 trident
rCold    . . .     Gourm    .   (no shield)
rNeg     . . .     Faith    .   b - +0 leather armour
rPois    .         Spirit   .   c - +0 helmet
rElec    .         Reflect  .   (no cloak)
rCorr    .         Harm     .   (no gloves)
MR       .....                  (no boots)
Stlth    +.........             (no amulet)
HPRegen  0.16/turn              (no ring)
MPRegen  0.10/turn              (no ring)

@: mighty, lightly drained
A: change form in water, swift swim, stealthy swim
a: no special abilities


You were on level 3 of the Dungeon.
You were not hungry.

You visited 1 branch of the dungeon, and saw 4 of its levels.

You collected 114 gold pieces.

Inventory:

Hand Weapons
 a - a +0 trident (weapon)
Missiles
 d - 3 throwing nets (quivered)
Armour
 b - a +0 leather armour (worn)
 c - a +0 helmet (worn)
Jewellery
 k - an uncursed ring of protection from fire {unknown}
Scrolls
 e - 4 scrolls of identify {unknown}
 h - 2 scrolls of remove curse {unknown}
 i - 2 scrolls of immolation {unknown}
 l - 3 scrolls of teleportation {unknown}
 m - 2 scrolls of fear {unknown}
 q - a scroll of enchant weapon {unknown}
 r - a scroll of amnesia {unknown}
Potions
 g - 2 potions of might
 j - 2 potions of agility {unknown}
 o - a potion of brilliance
 s - a potion of flight {unknown}
 t - 2 potions of magic {unknown}
Comestibles
 f - 4 rations


   Skills:
 + Level 4.1(3.9) Fighting
 + Level 9.6(9.3) Polearms
 - Level 2.0(1.8) Throwing
 - Level 4.0(3.8) Dodging


You had 5 spell levels left.
You didn't know any spells.
Your spell library was empty.

Dungeon Overview and Level Annotations

Branches:
Dungeon (4/15)
 Temple: D:4-7

Altars:


Message History

You barely miss something. Something barely misses you.
You barely miss something.
You hear some strange, mumbled words.
A puff of frost appears from out of thin air!
The puff of frost hits you!
* * * LOW HITPOINT WARNING * * *
You feel much better. Something hits you.
A magic dart appears from out of thin air!
The magic dart hits you!
* * * LOW HITPOINT WARNING * * *
You hear some strange, mumbled words.
A puff of flame appears from out of thin air!
The puff of flame hits you.
* * * LOW HITPOINT WARNING * * *
It was a potion of might.
You feel very mighty all of a sudden.
You hear some strange, mumbled words.
A puff of frost appears from out of thin air!
The puff of frost hits you!
You die...

#.###.# ####### #.# #.#
#.....# #.# #.# #.....#
#.# #.#
#.....#####.###.#######
#......................
#.....#####.###.......#
#.....#####.###.oo....#
#.....@...............)
#......###.###########.
#......# #.# #.......
#..#.#.###.#####.......
#.>....................
#........#.#####.......
#...#.#..#.# #.......
#.#.#.#..#.# ########
#.....#..#.# #########


There were no monsters in sight!

Vanquished Creatures
  A centaur (D:3)
  An orc priest (D:4)
  2 orc wizards
  Jessica (D:3)
  Natasha (thrice) (D:2)
  Terence (D:3)
  2 adders (D:2)
  An ooze (D:3)
  A worm (D:2)
  2 leopard geckos
  4 orcs
  2 giant cockroaches
  6 hobgoblins
  14 jackals
  4 kobolds
  3 quokkas
  5 bats
  7 frilled lizards
  4 goblins (D:1)
  8 rats
72 creatures vanquished.

Notes
Turn   | Place    | Note
-------+----------+-------------------------------------------
     0 | D:1      | Faustar the Merfolk Gladiator began the quest for the Orb.
     0 | D:1      | Reached XP level 1. HP: 16/16 MP: 1/1
   143 | D:1      | Reached skill level 5 in Polearms
   390 | D:1      | Reached XP level 2. HP: 22/22 MP: 2/2
  1061 | D:2      | Reached skill level 6 in Polearms
  1061 | D:2      | Reached XP level 3. HP: 24/27 MP: 3/3
  1638 | D:2      | Noticed Natasha
  1648 | D:2      | Killed Natasha
  1648 | D:2      | Reached skill level 7 in Polearms
  1648 | D:2      | Reached XP level 4. HP: 23/33 MP: 4/4
  1823 | D:2      | Noticed Natasha
  1827 | D:2      | Killed Natasha
  1956 | D:2      | Noticed Natasha
  1967 | D:2      | Killed Natasha
  1967 | D:2      | Reached skill level 8 in Polearms
  1967 | D:2      | Reached XP level 5. HP: 13/38 MP: 5/5
  2483 | D:3      | Noticed Terence
  2494 | D:3      | Killed Terence
  3060 | D:3      | Reached skill level 9 in Polearms
  3060 | D:3      | Reached XP level 6. HP: 23/47 MP: 6/6
  3295 | D:3      | Noticed Jessica
  3324 | D:3      | Killed Jessica
  3623 | D:3      | HP: 2/48 [something/puff of frost (14)]
  3630 | D:3      | Killed from afar by an orc wizard

Levels and vault maps discovered:
D:1:      matt_arrival_grand_opening, layout_basic
D:2:      layout_loops_ring, hangedman_abyss_or_decor_lesser_grid, uniq_natasha
D:3:      layout_basic, minmay_bisected, uniq_terence, uniq_jessica
D:4:      layout_loops_ring, first_ration, serial_shops,
          nicolae_shop_window_shopping, uniq_edmund

Skill      XL: |  1  2  3  4  5  6 |
---------------+-------------------+-----
Polearms       | 5 6 7 8 9 |  9.6
Fighting       | 3 4 |  4.1
Throwing       | |  2.0
Dodging        | |  4.0

Action                   |  1- 3 |  4- 6 || total
-------------------------+-------+-------++-------
Melee: Trident           |   156 |   139 ||   295
  Use: Potion            |       |     5 ||     5
 Stab: Sleeping          |     2 |     2 ||     4
  Eat: Chunk             |     2 |     7 ||     9
Armor: Leather armour    |    27 |    24 ||    51
       Skin              |       |    17 ||    17
Dodge: Dodged            |   101 |    61 ||   162

Table legend:
 A = Non-vault XP
 B = Vault XP
 C = Vault XP percentage of total XP
 D = Non-vault monster count
 E = Vault monster count
 F = Vault count percentage of total count
                 A         B        C        D         E       F
            +---------+---------+-------+---------+---------+-------
      Total |     450 |     114 |  20.2 |      66 |       6 |   8.3
            +---------+---------+-------+---------+---------+-------
        D:1 |      28 |       0 |   0.0 |      18 |       0 |   0.0
        D:2 |     186 |      36 |  16.2 |      28 |       1 |   3.4
        D:3 |     190 |      78 |  29.1 |      17 |       5 |  22.7
        D:4 |      46 |       0 |   0.0 |       3 |       0 |   0.0
            +---------+---------+-------+---------+---------+-------
